Workbook
Name ____INF1: #REF!
Name ____INF1: #REF!
Name ____INF1: #REF!
Name ____INF2: #REF!
Name ____INF2: #REF!
Name ____INF2: #REF!
Name ___INF1: #REF!
Name ___INF1: #REF!
Name ___INF1: #REF!
Name ___INF2: #REF!
Name ___INF2: #REF!
Name ___INF2: #REF!
Name __INF1: #REF!
Name __INF1: #REF!
Name __INF1: #REF!
Name __INF2: #REF!
Name __INF2: #REF!
Name __INF2: #REF!
Name _bar1: #REF!
Name _bar1: #REF!
Name _bar1: #REF!
Name _boh1: #REF!
Name _boh1: #REF!
Name _boh1: #REF!
Name _foh1: #REF!
Name _foh1: #REF!
Name _foh1: #REF!
Name _INF1: #REF!
Name _INF1: #REF!
Name _INF1: #REF!
Name _INF2: #REF!
Name _INF2: #REF!
Name _INF2: #REF!
Name Accept: [0]!Accept
Name Access: '[1]KING INPUT SHEET'!$D$28
Name ADDRESS1: #REF!
Name ADDRESS1: #REF!
Name ADDRESS1: #REF!
Name ADDRESS2: #REF!
Name ADDRESS2: #REF!
Name ADDRESS2: #REF!
Name admin1: #REF!
Name admin1: #REF!
Name admin1: #REF!
Name Area: [2]Indices!$D$2:$F$81
Name BASE_DATE: '[3]Master Data Sheet'!$D$41
Name BASE_DATE: '[3]Master Data Sheet'!$D$41
Name Base_Date: '[4]PROJECT INPUTS'!$E$9
Name bathrooms1: #REF!
Name bathrooms1: #REF!
Name bathrooms1: #REF!
Name BCIS_Location: [5]Library!$H$15:$I$94
Name BCIS_TPI: [5]Library!$K$15:$L$44
Name bedroomcorridors1: #REF!
Name bedroomcorridors1: #REF!
Name bedroomcorridors1: #REF!
Name bedrooms1: #REF!
Name bedrooms1: #REF!
Name bedrooms1: #REF!
Name Beds: [6]DATA!$F$13

Sheet Cover
A19: Elemental Cost Plan No. 1
A20: Y Fforwm Building
A25: New Rules of Measurement 1
A26: Based on Level 2 Codes
A30: By Jack Arthurs
A31: Dated: April 2022

Sheet Information Used
B1: Information Used & Assumptions
B3: 1 | C3: Information Used
C4: nrm-1-order-of-cost-estimating-and-cost-planning-2nd-edition-rics
C5: Spon_s Civil 2020 (1)
C7: Design Drawings;
C8: Fforwm A1toA3 scaled (1)
C9: UWTSD Library FIRST
C10: UWTSD Library GROUND
C11: UWTSD Library SECOND
C12: UWTSD_STL_04_00_DR_A_ZZZZ_11D01_C119_Ground Floor Plan
C13: UWTSD_STL_04_01_DR_A_ZZZZ_11D02_C119_First Floor Plan
C14: UWTSD_STL_04_02_DR_A_ZZZZ_11D03_C119_Second Floor Plan
C15: UWTSD_STL_04_ZZ_DR_A_ZZZZ_21D01_C119_Technical Elevations Sheet 1
C16: UWTSD_STL_04_ZZ_DR_A_ZZZZ_21D02_C119_Technical Elevations Sheet 2
... C21: UWTSD_STL_04_ZZ_SH_A_ZZZZ_71D01_C119_Library Door Schedule
B23: 2 | C23: General assumptions, Notes, Exclusions;
C24: All assumptions, notes and exclusions if not included below, as per Notes / Assumptions column in Cost Plan.
C25: Facilitating works excluded as no requirements in contract documents.
C26: Fittings, furnishigns and equipment excluded as no requirements in contract documents.
C27: Services excluded as no requirements in contract documents.
C28: Prefabricated buildings and building units excluded as no requirements in contract documents.
C29: Work to existing buildings excluded as no requirements in contract documents.
C30: External works excluded as no requirements in contract documents.
C31: Costs are based upon the information as provided.
C32: Costs are based upon what is referenced in the Rate/Cost Reference column.
C33: We have assumed a project bank account will not be required for this scheme.
C34: We have assumed that the area of works will be decanted for the project. No allowance is made for throughways or dealing with building occupants.
C35: The exact nature of specification for numerous items, as noted in the cost plan, is as assumed.
... C53: All measures are as per documents attached.

Sheet Summary of Cost Plan
E2: Summary Of
E3: Cost Plan
E6: =Cover!A30 -> By Jack Arthurs
E7: =Cover!A31 -> Dated: April 2022
A10: Cost Centre | B10: Group Element / Element | C10: Cost/M2 of GIFA | F10: Total Cost of Element (Target Cost)
B11: FACILITATING WORKS AND BUILDING WORKS
A12: 0 | B12: Facilitating works | F12: Excluded (See Note)
A13: 1 | B13: Substructure | F13: ='NRM1 Elemental Cost Plan - JA'!I47 -> 252775.54
A14: 2 | B14: Superstructure | F14: ='NRM1 Elemental Cost Plan - JA'!I71 -> 1027570.3
A15: 3 | B15: Internal finishes | F15: ='NRM1 Elemental Cost Plan - JA'!I172 -> 273238.91
A16: 4 | B16: Fittings, furnishings and equipment | F16: Excluded (See Note)
A17: 5 | B17: Services | F17: Excluded (See Note)
A18: 6 | B18: Prefabricated buildings and building units | F18: Excluded (See Note)
A19: 7 | B19: Work to existing buildings | F19: Excluded (See Note)
A20: 8 | B20: External works | F20: Excluded (See Note)
B21: SUB-TOTAL: FACILITATING WORKS AND BUILDING WORKS (A) | F21: =SUM(F12:F20) -> 1553584.7
A22: 9 | B22: Main contractor’s preliminaries (B) | F22: ='NRM1 Elemental Cost Plan - JA'!I218 -> 155358.47
B23: SUB-TOTAL: FACILITATING WORKS AND BUILDING WORKS (including main contractor’s preliminaries) (C) [C = A + B] | F23: =F22+F21 -> 1708943.2
A24: 10 | B24: Main contractor’s overheads and profit (D) | F24: ='NRM1 Elemental Cost Plan - JA'!I222 -> 170894.32
B25: TOTAL: BUILDINGWORKS ESTIMATE (E) [E = C + D] | F25: =F23+F24 -> 1879837.5
B27: Note:
B28: Facilitating works excluded as no requirements in contract documents.
B29: Fittings, furnishigns and equipment excluded as no requirements in contract documents.
B30: Services excluded as no requirements in contract documents.
B31: Prefabricated buildings and building units excluded as no requirements in contract documents.
B32: Work to existing buildings excluded as no requirements in contract documents.
B33: External works excluded as no requirements in contract documents.

Sheet NRM1 Elemental Cost Plan -  JA
F2: =Cover!A19 -> Elemental Cost Plan No. 1
F3: =Cover!A20 -> Y Fforwm Building
F4: =Cover!A25 -> New Rules of Measurement 1
F5: =Cover!A26 -> Based on Level 2 Codes
F6: =Cover!A30 -> By Jack Arthurs
F7: =Cover!A31 -> Dated: April 2022
C9: Elements in red are NRM1 Phraseologies
A10: Cost Centre | C10: Group Element / Element | D10: Quantity / unit | G10: Rate | H10: Sub-Total | I10: Group-Total | J10: Notes / Assumptions | K10: Measure Reference | L10: Rate/Cost Reference
G11: £ | H11: £ | I11: £
A12: 0 | C12: FACILITATING WORKS | I12: =SUM(H14:H46) -> 0 | J12: As Query Sheet Reference 1
A13: 0.1 | C13: Toxic or hazardous material removal
C14: Toxic or hazardous material removal: details to be stated. | E14: 0 | F14: item | H14: =E14*G14 -> 0 | J14: Not Included
C15: Contaminated land
C16: Removal and/or treatment of contaminated ground material. | E16: 0 | F16: item | H16: =E16*G16 -> 0 | J16: =J14 -> Not Included
C17: Eradication of plant growth
C18: Eradication of Japanese knotweed, giant hogweed or other invasive plant. | E18: 0 | F18: item | H18: =E18*G18 -> 0 | J18: =J16 -> Not Included
A20: 0.2 | C20: Major demolition works
C21: Demolition of entire buildings: details to be stated. | E21: 0 | F21: item | H21: =E21*G21 -> 0 | J21: =J18 -> Not Included
C22: Soft strip works
C23: Stripping out building components, services, fittings and finishes in from a building as preparatory works to demolition or refurbishment. | E23: 0 | F23: item | H23: =E23*G23 -> 0 | J23: =J21 -> Not Included
A25: 0.3 | C25: Temporary support to adjacent structures
C26: Temporary support to adjacent structures | E26: 0 | F26: item | H26: =E26*G26 -> 0 | J26: =J23 -> Not Included
A28: 0.4 | C28: Specialist groundworks
C29: Site dewatering and pumping | E29: 0 | F29: item | H29: =E29*G29 -> 0 | J29: =J26 -> Not Included
C30: Soil stabilisation measures
C31: Soil stabilisation measures: details to be stated. | E31: 0 | F31: item | H31: =E31*G31 -> 0 | J31: =J29 -> Not Included
C32: Ground gas venting measures
C33: Ground gas venting: details to be stated. | E33: 0 | F33: item | H33: =E33*G33 -> 0 | J33: =J31 -> Not Included
A35: 0.5 | C35: Temporary diversion works
C36: Temporary diversion of existing drainage systems, existing services installations and systems, rivers, streams and the like | E36: 0 | F36: item | H36: =E36*G36 -> 0 | J36: =J33 -> Not Included
A38: 0.6 | C38: Extraordinary site investigation works
C39: Site based archaeological investigation works | E39: 0 | F39: item | H39: =E39*G39 -> 0 | J39: =J36 -> Not Included
C40: Reptile/wildlife mitigation measures
C41: Relocation of reptiles/wildlife and provision of fences/barriers to cordon off the working area. | E41: 0 | F41: item | H41: =E41*G41 -> 0 | J41: =J39 -> Not Included
C42: Other extraordinary site investigation works
C43: Physical site investigation works: details to be stated. | E43: 0 | F43: item | H43: =E43*G43 -> 0 | J43: =J41 -> Not Included
C44: Temporary screens, fences, barriers and the like: details to be stated | E44: 0 | F44: item | H44: =E44*G44 -> 0 | J44: =J43 -> Not Included
C45: Attendance | E45: 0 | F45: item | H45: =E45*G45 -> 0 | J45: =J44 -> Not Included
A47: 1 | C47: SUBSTRUCTURE | I47: =SUM(H49:H70) -> 252775.54
C48: Excavation
C49: Excavate Topsoil; Maximium depth ne 0.25m | E49: =(1050146094.09/1000000)*0.25 -> 262.53652 | F49: M3 | G49: 3.46 | H49: =E49*G49 -> 908.37637 | K49: As document titled "1 Ground Area Fforwm" | L49: Rate used from Spon’s Civil Engineering and Highway Works Price Book 2020. Page 188, Class E: Earthworks.
C50: Excavate material other than topsoil, rock or artificial hard material; 1.0-2.0 M Deep | E50: =(1050146094.09/1000000)*2 -> 2100.2922 | F50: M3 | G50: 7.93 | H50: =E50*G50 -> 16655.317 | K50: As Above. | L50: As Above.
A52: 1.2 | C52: Specialist foundations
C53: Piled foundations
A54: 1.2.4 | C54: Piles: details, including type, diameter (mm) and depth (m) of piles, to be stated. | E54: 96 | F54: Nr | G54: 193.07 | H54: =E54*G54 -> 18534.72 | J54: Based on 250/244 Dia Piles as drawing 181 C7. Depth not noted. | K54: As Structural Foundation Schedule shown on Drawing 180 C4. | L54: Rate used from Spon’s Civil Engineering and Highway Works Price Book 2020. Page 281, Class P: Piles.
A55: 1.2.12 | C55: Pile caps: details, including size of and reinforcement rate(kg/m3) to pile cap, to be stated. | E55: 33 | F55: Nr | J55: Reinforcement rate not stated in documents. | K55: As document titled "1.2.12 Pile Caps Fforwm"
C56: Excavate pit in firm ground by machine, partial backfill, partial disposal, support, compaction, cut off pile and prepare reinforcement, formwork; reinforced in situ concrete cap 25 N/mm²; reinforcement at 50 kg/m³; rates per cap for cap size
C57: Single Pilecap; 750mm x 750mm x 750mm Depth | E57: =4 -> 4 | F57: Nr | G57: 750 | H57: =E57*G57 -> 3000 | J57: Size referenced from drawing 181 C7 | K57: As Above. | L57: Rate used from Spon’s Civil Engineering and Highway Works Price Book 2020. Page 107, General Building Works.
C58: Double Pilecap; 750mm x 1300mm x 750mm Depth | E58: 8 | F58: Nr | G58: 1675 | H58: =E58*G58 -> 13400 | J58: Size referenced from drawing 181 C7 | K58: As Above. | L58: As Above.
C59: Double Pilecap Type A; 1100mm x 1300mm x 750mm Depth | E59: 11 | F59: Nr | G59: 1675 | H59: =E59*G59 -> 18425 | J59: Size referenced from drawing 181 C7 | K59: As Above. | L59: As Above.
C60: Triple Pilecap; As Plan drawing 181 C7 | E60: 10 | F60: Nr | G60: 1675 | H60: =E60*G60 -> 16750 | J60: Size referenced from drawing 181 C7 | K60: As Above. | L60: As Above.
A61: 1.2.13 | C61: Ground beams: details, including size of and reinforcement rate (kg/m3) to pile cap, to be stated. | J61: Reinforcement rate not stated in documents. | K61: As document titled "1.2.13 Ground Beams Fforwm"
C62: Precast concrete ground beams; square ends and dowelled. Supplied and installed in lengths to span between stanchion bases; concrete strength C50; maximum UDL of 4.5 kN/m; in situ work at beam ends not included
C63: Ground Beams to measure 750mm wide x 450mm depth U.N.O | E63: =160738.19/1000 -> 160.73819 | F63: M | G63: 300 | H63: =E63*G63 -> 48221.457 | J63: Size referenced from drawing 181 C7 | K63: As Above. | L63: As Above.
A64: 1.3.1 | C64: Lowest floor construction: details to be stated. | J64: No Reinforcement stated in documents.
C65: Slab as Section 2. (Lift Pit) at 1200mm Depth | E65: =121674238/1000000 -> 121.67424 | F65: M2 | G65: =105+(((1.2-0.25)/0.05)*7.45) -> 246.55 | H65: =E65*G65 -> 29998.783 | J65: Rate as 250mm thick concrete slab with extra over for every additional 50mm thick concrete. | K65: =K49 -> As document titled "1 Ground Area Fforwm" | L65: Rate used from Spon’s Civil Engineering and Highway Works Price Book 2020. Page 108, General Building Works.
C66: 150 MM Thick RC Ground Bearing Slab | E66: =781061325.96/1000000 -> 781.06133 | F66: M2 | G66: 96 | H66: =E66*G66 -> 74981.887 | K66: As document titled "1.3.1 Ground Floor Slab Fforwm" | L66: As Above.
A67: 1.3.3 | C67: Extra over lowest floor construction for forming of lift pits and the like: details, including the number and size (m) of lift pits, to be stated.
C68: 2NR Lift Pits; 2350mm x 1600mm x 1000mm Depth | E68: 2 | F68: Nr | G68: 3300 | H68: =E68*G68 -> 6600 | J68: Rate used for 13 person lift as 8 person is too small. | K68: As Section 2. (Lift Pit) shown on drawing 183 C6. | L68: Rate used from Spon’s Civil Engineering and Highway Works Price Book 2020. Page 107, General Building Works.
C69: 1Nr Pit; 900mm x 900mm x 900mm Depth. 200 Thick RC Base Slab and 200 Thick RC Walls; 1 Layer A393 Mesh to All faces top and bottom. | E69: 1 | F69: Nr | G69: 2650 | H69: =E69*G69 -> 2650 | J69: Concrete Lift Pit rate for 8 person used as no other suitable rate for deep pit available. | K69: As shown on drawing 182 C5. | L69: Rate used from Spon’s Civil Engineering and Highway Works Price Book 2020. Page 107, General Building Works.
C70: 1Nr Pit; 1500mm x 900mm x 900mm Depth. 200 Thick RC Base Slab and 200 Thick RC Walls; 1 Layer A393 Mesh to All faces top and bottom. Top Edge to have 100 x 100 galvanised angle with fish tail tangs all round to to support checker plate. | E70: 1 | F70: Nr | G70: 2650 | H70: =E70*G70 -> 2650 | J70: As above | K70: =K69 -> As shown on drawing 182 C5. | L70: Rate used from Spon’s Civil Engineering and Highway Works Price Book 2020. Page 107, General Building Works.
A71: 2 | C71: SUPERSTRUCTURE | I71: =SUM(H71:H171) -> 1027570.3
A73: 2.1 | C73: Frame
A74: 2.1.4 | C74: Concrete frames
A75: 2.1.4.1 | C75: Columns: details, including number (nr) of columns, column size (mm), concrete grade, reinforcement rate (kg/m3) and type of formwork finish, to be stated.
C76: 500 X 300 mm RC concrete columns @ 7.6M Height | E76: =7.6*16 -> 121.6 | F76: M | G76: 190 | H76: =E76*G76 -> 23104 | J76: Detail As shown in drawing 280 C3, Height as Elevations. Section 3. (Typical Internal Section) states 500 Dia RC Column. RC assumed at 180KG/M2. | K76: As shown in document "2.1.4.1 Columns Fforwm". | L76: Rate used from Spon’s Civil Engineering and Highway Works Price Book 2020. Page 109, General Building Works. Rate of 300mm x 600mm /M Used.
C77: 500 mm Diametre RC concrete columns @ 7.6M Height | E77: =7.6*14 -> 106.4 | F77: M | G77: 190 | H77: =E77*G77 -> 20216 | J77: As above | K77: As above | L77: No Diametre rate. Same rate as above used as area is near enough the same and the next rate is double the area.
C78: 500 X 385 mm RC concrete columns @ 7.6M Height | E78: =7.6*3 -> 22.8 | F78: M | G78: 235 | H78: =E78*G78 -> 5358 | J78: As above | K78: As above | L78: Higher rate of 300mm x 600mm /M Rate used as larger rates are to high in comparison to side increase.
A79: 2.1.4.2 | C79: Beams: details, including number (nr) of beams, beam size (mm), reinforcement rate (kg/m3) and type of formwork finish, to be stated.
C80: 150 x 490 mm RC Beam | E80: =((47565.73+5096.93+22500.17)+(121778.68))/1000 -> 196.94151 | F80: M | G80: 110 | H80: =E80*G80 -> 21663.566 | J80: Details as shown in drawing 281 C4. RC assumed at 200kg/M3. | K80: As shown in document "2.1.4.2 Beams Fforwm" and "2.1.4.2 Beams Second Floor Fforwm". | L80: Rate used from Spon’s Civil Engineering and Highway Works Price Book 2020. Page 110, General Building Works. Rate of 225mm x 450mm /M Used as larger rates are to high in comparison to the size of beam being used.
C81: 300 x 490 mm RC Beam | E81: =5867.4/1000 -> 5.8674 | F81: M | G81: 180 | H81: =E81*G81 -> 1056.132 | J81: As Above. | K81: As above. | L81: Higher rate of 300mm x 600mm /M Rate used as larger rates are to high in comparison to side increase.
C83: 275 x 250 mm RC Beam | E83: =(6299.2+7154.33)/1000 -> 13.45353 | F83: M | G83: 110 | H83: =E83*G83 -> 1479.8883 | J83: As Above. | K83: As above. | L83: Rate as 225mm x 450mm used, as detailed above.
A84: 2.1.4.3 | C84: Walls: details, including thickness of wall (mm), concrete grade, reinforcement rate (kg/m3) and type of formwork finish, to be stated.
C85: In situ reinforced concrete 25.00 N/mm²; 15 kg/m² reinforcement; formwork both sides;
C86: 150mm thick | E86: =(101679.33+5876.09+22597.53)*0.15/1000 -> 19.522942 | F86: M2 | G86: 135 | H86: =E86*G86 -> 2635.5972 | J86: 600MM Height as Section 1 (Typical Edge Section) shown on drawing 183 C6. | K86: As shown in document "2.1.4.3 Perimetre Walls Fforwm" | L86: Rate used from Spon’s Civil Engineering and Highway Works Price Book 2020. Page 119, General Building Works.
C87: 250mm thick; Lift Walls | E87: =(((2843.07+3837.81+1428.07+2317.52+3532.85+5219.74+877.89)*12852.4)/1000000)+((6878.39*11007.07)/1000000) -> 333.49086 | F87: M2 | G87: 170 | H87: =E87*G87 -> 56693.447 | J87: Rate 300mm Thick as next rate below 300mm was 225mm. | K87: As shown in document "2.1.4.3 Lift Walls Fforwm" | L87: As above
C88: 250mm thick; Stair Walls | E88: =(((3485.55+877.57+2410.22+4536.16+2682.14)*12852.4)/1000000)+((6940.19*11007.07)/1000000) -> 256.21731 | F88: M2 | G88: 170 | H88: =E88*G88 -> 43556.943 | J88: As above. | K88: As shown in document "2.1.4.3 Stair Walls Fforwm" | L88: As above
A90: 2.2.1.5 | C90: Upper Floors
C91: Suspended floor slab: details, including type, thickness (mm), span (m) and loading (kN/m2), to be stated.
C92: First Floor
C93: Suspended slabs; thickness 150-300mm; 275mm | E93: =(796514922.44/1000000)*0.275 -> 219.0416 | F93: M3 | G93: 45.95 | H93: =E93*G93 -> 10064.962 | J93: 275MM thick slab as drawing 281 C4. | K93: As shown in document "2.2.1.5 Suspended Slab Fforwm" | L93: Rate used from Spon’s Civil Engineering and Highway Works Price Book 2020. Page 206, Class F: In Situ Concrete.
C94: Second Floor
C95: =C93 -> Suspended slabs; thickness 150-300mm; 275mm | E95: =(922113024.2/1000000)*0.275 -> 253.58108 | F95: M3 | G95: 45.95 | H95: =E95*G95 -> 11652.051 | J95: As above | K95: As shown in document "2.2.1.5 Suspended Slab Second Floor Fforwm" | L95: As above
A97: 2.3.1.1 | C97: Roof
C98: Roof structure – pitched roofs: details, including design loads (kN/m2), spans (m) and angle of pitch (°), to be stated.
C99: Softwood trussed pitched roofs; Structure only. Timber roof trusses and bracings only; comprising 75mm× 50mm roof trusses at 600mm centres | E99: =(12686.025*51587.4)/1000000 -> 654.43905 | F99: M2 | G99: 35.5 | H99: =E99*G99 -> 23232.586 | J99: Design load, span and angle TBC | K99: As shown In document "2.3.1.1 Roof Structure Fforwm" | L99: Rate used from Spon’s Civil Engineering and Highway Works Price Book 2020. Page 113, General Building Works.
A100: 2.3.2.1 | C100: Roof coverings, non-structural screeds, thermal insulation, and surface treatments: details to be stated.
C101: Aluminium roofing; standing seam | E101: =E99 -> 654.43905 | F101: M2 | G101: 66 | H101: =E101*G101 -> 43192.977 | K101: As above. | L101: Rate used from Spon’s Civil Engineering and Highway Works Price Book 2020. Page 114, General Building Works.
A102: 2.3.4.1 | C102: Gutters: details to be stated.
C103: 300mm Gutter, Material and Price TBC | E103: =(51587.4/1000)*2 -> 103.1748 | F103: M | G103: 0 | H103: =E103*G103 -> 0 | J103: No Price for over 170mm Guttering. No price included. | K103: As above
C104: Rainwater pipes: details to be stated.
C105: Rainwater downpipes pipes; fixed to backgrounds; including offsets and shoes
C106: 100mm Diametre UPVC Pipework | E106: =(10922/1000)*4 -> 43.688 | F106: M | G106: 47 | H106: =E106*G106 -> 2053.336 | J106: 110mm Rate used as closest suitable. | K106: Height measured as 10.92M as shown in document "2.3.4.1 Roof Downpipes Fforwm" | L106: Rate used from Spon’s Civil Engineering and Highway Works Price Book 2020. Page 115, General Building Works.
A107: 2.3.5.1 | C107: Rooflights, skylights and openings: type and size to be stated.
C108: individual polycarbonate rooflights; rectangular; fixed light; 4Nr | E108: =(5132244.73/1000000)*4 -> 20.528979 | F108: M2 | G108: 520 | H108: =E108*G108 -> 10675.069 | J108: As noted in elevation drawing, legend key item 11 | K108: As shown in document "2.3.5.1 Roof Openings Fforwm" | L108: Rate used from Spon’s Civil Engineering and Highway Works Price Book 2020. Page 116, General Building Works.
C109: PPC metal ventilation louvres | E109: =17962695.49/1000000 -> 17.962695 | F109: M2 | G109: 0 | H109: =E109*G109 -> 0 | J109: No Price for opening suitable for louvre. No price included. | K109: As shown in document "2.3.5.1 Roof Openings Louvre Fforwm"
A111: 2.4 | C111: Stairs & Ramps
A112: 2.4.1.1 | C112: Stair structures: details, including vertical rise of staircase, to be stated.
C113: Grid 2-4 Staircase
C114: Staircase; terrazzo finish; stainless steel balustrades and handrails; plastered and decorated soffit 3.00m rise; dogleg | E114: 4 | F114: Nr | G114: 11500 | H114: =E114*G114 -> 46000 | J114: 14.9 SSL Minus 7.7 FFL = 7.2LM Height | K114: As elevation drawing 290 C1 | L114: Rate used from Spon’s Civil Engineering and Highway Works Price Book 2020. Page 117, General Building Works.
...

Sheet Query Sheet
A3: Student name: | C3: Jack Arthurs
A5: Return email: | C5: 1906127@student.uwtsd.ac.uk
C9: Y Fforwm Building - Cost Plan
G12: Query Sheet Nr. 1
G14: Date : | H14: 44614
A16: QUERY LIST | F16: Answer
A23: Are there particular programme or key dates to meet?
A25: Pile Length not noted. What is the proposed length?
A27: Are concrete piles are to be Bored, Cast in Place?
A28: Assumed as such until otherwise informed.
A30: Are the piles to be installed by lorry/crawler
A31: mounted rotary rig?
A32: Assumed as such until otherwise informed.
A34: No reinforcement concrete stated in pile caps.
A35: Is there any to be included?
A37: Column rates as comments on BQ. Is this suitable?
A39: No Structural screed located, is this required?
A41: No roof detail shown on documents.
... A55: Metal stud and board partitions allowed for.
